 Dungeon Crawl Stone Soup version 0.18.1-48-g4cf74bf (webtiles) character file.

29 Heedrag the Sneak (level 3, 14/14 HPs)
             Began as a Felid Enchanter on Aug 4, 2016.
             Quit the game on level 3 of the Dungeon.
             The game lasted 00:03:28 (1995 turns).

Heedrag the Sneak (Felid Enchanter)                 Turns: 1995, Time: 00:03:28

Health: 14/14      AC:  1    Str:  5    XL:     3   Next: 1%
Magic:  7/7        EV: 18    Int: 16    God:
Gold:   51         SH:  0    Dex: 16    Spells: 1 memorised, 5 levels left
                                        Lives:  0   Deaths: 1

rFire  . . .     SeeInvis +       - Unarmed
rCold  . . .     Gourm    .     (armour unavailable)
rNeg   . . .     Faith    .     (shield unavailable)
rPois  .         Spirit   .     (helmet unavailable)
rElec  .         Dismiss  .     (cloak unavailable)
rCorr  .         Reflect  .     (gloves unavailable)
SustAt .         Harm     .     (boots unavailable)
MR     .....                    (no amulet)
Stlth  +++++.....               (no ring)
                                c - ring of stealth

@: quick, not resistant to hostile enchantments, quite stealthy
A: no armour, no weapons or thrown items, claws 1, fangs 3, see invisible,
carnivore 3, speed 1, shaggy fur 1, slow metabolism 1, sharp paws
a: no special abilities


You were on level 3 of the Dungeon.
You were not hungry.

You visited 1 branch of the dungeon, and saw 3 of its levels.

You collected 51 gold pieces.

Inventory:

Jewellery
 c - a ring of stealth (left paw)
Scrolls
 e - 2 scrolls of remove curse {unknown}
 f - a scroll of enchant armour {unknown}
 h - 2 scrolls of identify {unknown}
 i - a scroll of noise {unknown}
 j - a scroll of amnesia {unknown}
 n - a scroll of immolation {unknown}
Potions
 d - a potion of lignification {unknown}
 g - a potion of agility {unknown}
 k - a potion of curing {unknown}
Books
 a - a book of Maledictions

   Spells                             Type                      Level
   a - Corona                         Hexes                        1
   b - Ensorcelled Hibernation        Hexes/Ice                    2
   c - Confuse                        Hexes                        3
   d - Tukima's Dance                 Hexes                        3
   e - Dazzling Spray                 Conjuration/Hexes            3
Comestibles
 b - 2 meat rations
 l - a beef jerky
 m - a chunk of flesh
 o - a bread ration


   Skills:
 + Level 3.4 Dodging
 * Level 5.9 Stealth
 + Level 2.0 Unarmed Combat
 - Level 2.0 Spellcasting
 - Level 4.4 Hexes


You had 5 spell levels left.
You knew the following spells:

 Your Spells              Type           Power        Failure   Level  Hunger
a - Corona                Hex            ###....      4%          1    #......


Dungeon Overview and Level Annotations

Branches:
Dungeon (3/15)

Altars:
Dithmenos
Fedhas

Annotations:
D:3 Natasha, Robin


Innate Abilities, Weirdness & Mutations

You cannot wear armour.
You are incapable of wielding weapons or throwing items.
You have sharp claws.
You have razor-sharp teeth.
You have supernaturally acute eyesight.
You are carnivorous and can eat meat at any time.
You cover ground quickly.
You are covered in fur (AC +1).
You have a slow metabolism.
Your sharp claws are effective at attacking unaware monsters.


Message History

Ye scratch Natasha.
Natasha be heavily wounded.
Natasha claws ye!
Ouch! Tha re'lly hurt!
* * * LOW HITPOINT WARNIN'
* * * Ye be too injured ta fight recklessly!
Ye be too injured ta fight recklessly!
Ye be too injured ta fight recklessly!
Ye be too injured ta fight recklessly!
Ye be too injured ta fight recklessly!
Ye scratch Natasha.
Natasha be heavily wounded.
Natasha claws ye!
Ye die...
Natasha closely misses ye.
Ye be now level 3!
Ye rejoin tha land o' tha livin'...
Unknown command.
Unknown command.
Be ye sure ye want ta abandon 'tis character an' quit tha game? (Confirm wit' "aye".)

###.############
#...........>..#
###.########.#.# #...# #.#
##### #### #...# #.# (..
... #.#.# #.# #.# #.#.
#.#.# #.#####.#####.#.
#.#.########§..............
#.#..<....@.§_......####.#.
#.##########...##...# #)#.
#. #.######## #.#. #. #.#
#.#. #.# ####.#. #.#
#...).. #. #.###)# # #.#
#.#


There were no monsters in sight!

Vanquished Creatures
  3 adders
  A worm (D:2)
  2 dart slugs (D:2)
  A giant gecko (D:1)
  3 giant cockroaches
  5 hobgoblins
  2 kobolds
  2 quokkas (D:2)
  3 ball pythons
  2 bats (D:2)
  5 goblins
  4 rats
33 creatures vanquished.

Notes
Turn   | Place    | Note
--------------------------------------------------------------
     0 | D:1      | Heedrag the Felid Enchanter began the quest for the Orb.
     0 | D:1      | Reached XP level 1. HP: 7/7 MP: 4/4
   412 | D:1      | Reached XP level 2. HP: 11/11 MP: 6/6
   915 | D:2      | Reached skill level 5 in Stealth
   926 | D:2      | Reached XP level 3. HP: 14/14 MP: 7/7
  1231 | D:2      | Found a blossoming altar of Fedhas.
  1390 | D:3      | Noticed Robin
  1767 | D:3      | Found a shadowy altar of Dithmenos.
  1977 | D:3      | Reached XP level 4. HP: 18/18 MP: 8/8
  1985 | D:3      | Noticed Natasha
  1994 | D:3      | Slain by Natasha
  1995 | D:3      | Reached XP level 3. HP: -4/14 MP: 7/7
  1995 | D:3      | Quit the game

Skill      XL: |  1  2  3 |
---------------+----------+-----
Dodging        | 3 |  3.4
Stealth        | 5 |  5.9
Unarmed Combat | 2 |  2.0
Spellcasting   | |  2.0
Hexes          | |  4.4

Action                   |  1- 3 |  4- 6 || total
-------------------------+-------+-------++-------
Melee: Unarmed           |    79 |     6 ||    85
       Bite              |     6 |     1 ||     7
  Use: Potion            |     2 |       ||     2
 Stab: Sleeping          |    21 |       ||    21
  Eat: Chunk             |     9 |       ||     9
Armor: Skin              |     5 |     1 ||     6
Dodge: Dodged            |    38 |     4 ||    42
